 Dungeon Crawl Stone Soup version 0.31.0-9-g3a7656b989 (webtiles) character file.

Game seed: 13073911610606351307

17 qw the Shooter (level 2, 0/14 HPs)
             Began as a Spriggan Hunter on Feb 2, 2024.
             Succumbed to their own poison gas
             ... on level 1 of the Dungeon.
             The game lasted 00:00:01 (492 turns).

qw the Shooter (Spriggan Hunter)                     Turns: 492, Time: 00:00:02

Health: 0/14       AC:  2    Str:  7    XL:     2   Next: 44%
Magic:  3/3        EV: 19    Int: 10    God:
Gold:   79         SH:  0    Dex: 18    Spells: 1/1 levels left

rFire   . . .        a - +0 shortbow
rCold   . . .        (shield currently unavailable)
rNeg    . . .        c - +0 robe
rPois   .            (helmet restricted)
rElec   .            (no cloak)
rCorr   .            (gloves unavailable)
SInv    +            (boots unavailable)
Will    .....        (no amulet)
Stlth   ++           (no ring)
HPRegen 0.22/turn    (no ring)
MPRegen 0.08/turn

%: no passive effects
@: lethally poisoned (0 -> -1), very quick
A: very small, no large weapons, unfitting armour, see invisible, speed 3
a: no special abilities


You were on level 1 of the Dungeon.
You visited 1 branch of the dungeon, and saw 1 of its levels.

You collected 79 gold pieces.


Innate Abilities, Weirdness & Mutations

You are very small and have problems with some larger weapons.
You are too small for most types of armour.
You have supernaturally acute eyesight. (SInv)
You cover ground extremely quickly. (Speed+++)


   Skills:
 - Level 1.5 Fighting
 + Level 4.1 Ranged Weapons
 - Level 4.0 Dodging
 - Level 1.5 Stealth


You had one spell level left.
You didn't know any spells.
Your spell library was empty.

Inventory:

Hand Weapons
 a - a +0 shortbow (weapon)
Armour
 c - a +0 robe (worn)
Scrolls
 f - a scroll of teleportation
Potions
 g - a potion of heal wounds

Dungeon Overview and Level Annotations

Branches:
Dungeon (1/15)

Altars:


Message History

It was a potion of curing.
You feel better.
Done exploring.
480 ||| DROPPING scroll of butterflies.
You drop a scroll of butterflies.
Done exploring.
What level of the Dungeon? (default 1, ? - help) Sorry, I don't know how to get there.
Enter note:
Enter note:
Enter note:
Enter note:
Enter note:
Enter note: You are engulfed in poison gas.
You are lethally poisoned!
You feel very sick.
482 ||| Stepping ~*~*~tactically~*~*~ (cloud).
You feel very sick.
You see here a scroll of butterflies.
483 ||| DRINKING potion of curing.
You feel better.
483 ||| (to cure poison)
You are engulfed in poison gas.
You are poisoned.
You feel sick.
485 ||| Stepping ~*~*~tactically~*~*~ (cloud).
You feel sick.
You see here a scroll of butterflies.
There is a lethal amount of poison in your body!
You feel sick.
There is a lethal amount of poison in your body!
You feel sick.
There is a lethal amount of poison in your body!
You feel sick.
There is a lethal amount of poison in your body!
You feel sick.
There is a lethal amount of poison in your body!
You feel sick.
There is a lethal amount of poison in your body!
You feel sick.
There is a lethal amount of poison in your body!
You die...

########### ######
#.........# #....######
#..........
#.##..0..¤####.........#
#.#####0...............#
#.### #0.####..........#
#...###@0## ##.........#
#.#...#...########.##...
###'''###.....####.#####
##.#.....##¤.............
#.........######.....####
#.........# ####..##
###....#.## #...## ####
####'#### #### ##...#
##..## ##8.8## ##..##
##..#


There were no monsters in sight!

Vanquished Creatures
  3 ball pythons (D:1)
  2 endoplasms (D:1)
  A goblin (D:1)
  A hobgoblin (D:1)
  A quokka (D:1)
  4 bats (D:1)
  A kobold (D:1)
  4 rats (D:1)
17 creatures vanquished.

Notes
Turn   | Place    | Note
-------+----------+-------------------------------------------
     0 | D:1      | qw the Spriggan Hunter began the quest for the Orb.
     0 | D:1      | Reached XP level 1. HP: 10/10 MP: 2/2
     0 | D:1      | 0 ||| qw: Version: 0.3-a-155-g5e7d8dd
     0 | D:1      | 0 ||| qw: Game counter: 1176
     0 | D:1      | 0 ||| qw: Melee chars always use a shield: true
     0 | D:1      | 0 ||| qw: God list: Okawaru
     0 | D:1      | 0 ||| qw: Allow faded altars: false
     0 | D:1      | 0 ||| qw: Do Orc after clearing Dungeon:15 true
     0 | D:1      | 0 ||| qw: Do second Lair branch before Depths: true
     0 | D:1      | 0 ||| qw: Lair rune preference: random
     0 | D:1      | 0 ||| qw: Goals: Normal
     0 | D:1      | 0 ||| PLANNING D:1-11
    61 | D:1      | Reached skill level 3 in Dodging
   228 | D:1      | Reached XP level 2. HP: 14/14 MP: 3/3
   253 | D:1      | Found a faded altar of an unknown god.
   472 | D:1      | 472 ||| READING scroll labelled VOFREMIFOG.
   473 | D:1      | 473 ||| READING 2 scrolls labelled UCOINUNW OVELL.
   476 | D:1      | 476 ||| READING scroll labelled ZIOJIO FAISH.
   477 | D:1      | 477 ||| READING scroll labelled XENNOE DAKHEETI.
   478 | D:1      | 478 ||| READING scroll labelled LUDWUFI DAWNI.
   478 | D:1      | 478 ||| IDENTIFYING golden potion
   479 | D:1      | 479 ||| DRINKING 2 bubbling inky potions.
   480 | D:1      | 480 ||| DROPPING scroll of butterflies.
   482 | D:1      | 482 ||| Stepping ~*~*~tactically~*~*~ (cloud).
   483 | D:1      | 483 ||| DRINKING potion of curing.
   483 | D:1      | 483 ||| (to cure poison)
   485 | D:1      | 485 ||| Stepping ~*~*~tactically~*~*~ (cloud).
   489 | D:1      | HP: 3/14 [poisoned by you (poison gas)]
   491 | D:1      | HP: 1/14 [poisoned by you (poison gas)]
   492 | D:1      | Succumbed to their own poison gas

Levels and vault maps discovered:
D:1:      shiori_arrival_elements, layout_rooms, basic_ecumenical_altar

Skill      XL: |  1  2 |
---------------+-------+-----
Dodging        | 3 4 |  4.0
Fighting       | |  1.5
Ranged Weapons | |  4.1
Stealth        | |  1.5

Action                     || total
---------------------------++-------
   Fire: Shortbow          ||    21
    Use: Scroll            ||     5
         Potion            ||     2

Table legend:
 A = Non-vault XP
 B = Vault XP
 C = Vault XP percentage of total XP
 D = Non-vault monster count
 E = Vault monster count
 F = Vault count percentage of total count
                 A         B        C        D         E       F
            +---------+---------+-------+---------+---------+-------
      Total |      25 |       0 |   0.0 |      17 |       0 |   0.0
            +---------+---------+-------+---------+---------+-------
        D:1 |      25 |       0 |   0.0 |      17 |       0 |   0.0
            +---------+---------+-------+---------+---------+-------
